AoeStats
← Dad16456

Arena

510423287Analyzed
2v2 RM · 2d ago on Sep 30, 2026· 41m 46s· 4 players
Game mode
Random Map
Map size
Medium (4 player)
Population
200
Speed
Normal
Resources
Standard
Victory
Conquest
Starting age
Dark Age
Ending age
Imperial Age
RankedLock teamsTeams togetherTeam positionsShared explorationLock speedFull tech treeHidden civsTurbo modeCheats
Victory
Defeat
🇬🇧 Khmer · United Kingdom
849
+11
🇺🇸 Burgundians · United States
801
+13
🇵🇹 Portuguese · Portugal
744
-12
🇮🇪 Portuguese · Ireland
743
-12
YaLittle-
10:53 Feudal Age
11:24 Double-Bit Axe
11:23 Horse Collar
11:48 Stone Mining
18:51 Wheelbarrow
22:13 Castle Age
20:23 Gold Mining
24:05 Caravan
25:51 Heavy Plow
26:05 Bow Saw
30:49 Imperial Age
28:06 Loom
28:05 Treadmill Crane
29:40 Masonry
32:30 Chemistry
33:11 Fletching
dvdsnts13
0:26 Loom
11:53 Feudal Age
13:15 Wheelbarrow
12:26 Town Watch
12:34 Gold Mining
12:27 Horse Collar
12:40 Stone Mining
12:39 Double-Bit Axe
21:17 Castle Age
22:54 Hand Cart
22:49 Town Patrol
23:34 Stone Shaft Mining
23:14 Heavy Plow
26:17 Bow Saw
33:13 Imperial Age
33:14 Gambesons
32:50 Pikeman
33:16 Arson
33:49 Forging
33:40 Scale Mail Armor
33:32 Fletching
33:43 Padded Archer Armor
34:58 Chemistry
35:00 Siege Engineers
34:36 Treadmill Crane
35:07 Masonry
34:53 Murder Holes
35:20 Ballistics
34:32 Halberdier
37:37 Iron Casting
37:18 Chain Mail Armor
36:59 Bodkin Arrow
37:20 Leather Archer Armor
Dad16456
10:13 Feudal Age
11:40 Wheelbarrow
14:42 Castle Age
15:12 Double-Bit Axe
21:41 Hand Cart
21:52 Bow Saw
22:16 Loom
22:18 Town Watch
29:11 Imperial Age
28:44 Forging
28:40 Scale Barding Armor
28:39 Town Patrol
28:33 Gold Mining
28:33 Stone Mining
28:28 Horse Collar
28:12 Light Cavalry
29:02 Bloodlines
28:53 Husbandry
29:57 Heavy Plow
30:23 Hussar
32:31 Iron Casting
32:18 Chain Barding Armor
33:55 Conscription
34:53 Plate Barding Armor
35:19 Blast Furnace
37:16 Gold Shaft Mining
37:47 Elite Ballista Elephant
40:04 Ballistics
40:26 Double Crossbow
MozamMax
1:50 Loom
10:15 Feudal Age
9:07 Horse Collar
9:15 Double-Bit Axe
10:45 Wheelbarrow
11:17 Bow Saw
11:48 Town Watch
14:57 Gold Mining
17:10 Heavy Plow
20:05 Castle Age
18:33 Stone Mining
19:55 Scale Barding Armor
21:26 Crop Rotation
21:52 Husbandry
23:47 Cavalier
34:51 Forging
42:01 Burgundian Vineyards
42:00 Murder Holes
Connection lost

Rejoining the realm…

Still unreachable

The connection could not be restored.

Session expired

The server has moved on; the page needs a fresh start.